 Dungeon Crawl Stone Soup version 0.20.1-1-g8b1a95d (webtiles) character file.

163 Mitsuki the Digger (level 5, -4/28 HPs)
             Began as a Gargoyle Earth Elementalist on Oct 1, 2017.
             Killed by divine providence
             ... invoked by an orc priest
              (11 damage)
             ... on level 3 of the Dungeon.
             The game lasted 00:11:41 (4631 turns).

Mitsuki the Digger (Gargoyle Earth Elementalist)    Turns: 4631, Time: 00:11:41

Health: -4/28      AC:  6    Str: 12    XL:     5   Next: 44%
Magic:  10/10      EV: 12    Int: 16    God:
Gold:   147        SH:  0    Dex: 10    Spells: 7/11 levels left

rFire    . . .     SeeInvis .   v - +0 mace (crush)
rCold    . . .     Gourm    .   (no shield)
rNeg     + . .     Faith    .   c - +0 robe
rPois    ∞         Spirit   .   (no helmet)
rElec    +         Reflect  .   (no cloak)
rCorr    .         Harm     .   (no gloves)
MR       .....                  (no boots)
Stlth    ++........             (no amulet)
Regen    0.1/turn               a - ring of flight
MPRegen  0.2/turn               (no ring)

@: no status effects
A: negative energy resistance 1, electricity resistance, unbreathing,
petrification resistance, rot immunity, AC +4
a: Evoke Flight


You were on level 3 of the Dungeon.
You were not hungry.

You visited 1 branch of the dungeon, and saw 3 of its levels.

You collected 147 gold pieces.

Inventory:

Hand Weapons
 i - a +0 spear
 p - a +0 whip
 v - a +0 mace of crushing (weapon)
Missiles
 b - 103 stones (quivered)
Armour
 c - a +0 robe (worn)
Jewellery
 a - a ring of flight (left hand)
 y - an uncursed amulet of guardian spirit
Scrolls
 h - a scroll of random uselessness {unknown}
 o - 4 scrolls of identify {unknown}
 q - 2 scrolls of remove curse {unknown}
 r - a scroll of enchant armour {unknown}
 s - a scroll of teleportation {unknown}
 u - 2 scrolls of magic mapping {unknown}
 x - a scroll of fog {unknown}
 z - a scroll of amnesia {unknown}
Potions
 g - 3 potions of curing {unknown}
 j - a potion of cancellation {unknown}
 k - a potion of lignification {unknown}
 l - a potion of ambrosia {unknown}
 w - a potion of degeneration {unknown}
Books
 e - a book of Geomancy

   Spells                             Type                      Level
   a - Sandblast                      Earth                        1
   b - Passwall                       Transmutation/Earth          2
   c - Stone Arrow                    Conjuration/Earth            3
   d - Petrify                        Transmutation/Earth          4
   e - Lee's Rapid Deconstruction     Earth                        5
Comestibles
 d - 3 bread rations
 f - a chunk of flesh
 m - 2 royal jellies
 n - a meat ration
 t - a fruit


   Skills:
 - Level 1.5 Dodging
 - Level 2.1 Stealth
 + Level 3.6 Spellcasting
 + Level 2.3 Conjurations
   Level 0.7 Transmutations
 + Level 5.0 Earth Magic


You had 7 spell levels left.
You knew the following spells:

 Your Spells              Type           Power        Failure   Level  Hunger
a - Sandblast             Erth           ###...       2%          1    None
b - Stone Arrow           Conj/Erth      ##....       12%         3    ###....


Dungeon Overview and Level Annotations

Branches:
Dungeon (3/15)

Altars:
Cheibriados
Hepliaklqana
Xom


Innate Abilities, Weirdness & Mutations

You are resistant to torment.
Your stone body is resilient. (AC +4)
You are immune to poison.
You resist negative energy. (rN+)
You are resistant to electric shocks. (rElec)
You can survive without breathing.
You are immune to petrification.
You are immune to rotting.


Message History

Okay, then.
You start waiting.
Casting: Sandblast
Confirm with . or Enter, or press ? or * to list all spells.
Aiming: Sandblast
Press: ? - help, Shift-Dir - straight line, f - orc
Aim: an orc, wielding a trident and wearing a ring mail The blast of sand hits the orc.
b - 103 stones The orc priest begins to cast a cantrip, but forgets the words!
You closely miss the orc. The orc barely misses you.
The orc hits you from afar with a trident.
The orc priest calls down the wrath of Beogh upon you.
Beogh smites you!
Ouch! That really hurt!
* * * LOW HITPOINT WARNING * * *
An orc comes into view.
The orc priest mumbles some strange prayers to Beogh against you.
Beogh smites you!
You die...

..##.#.#...# ### ..##.#.#...#
############# #.. ..##<#.#...#
#...........# #..
..####.#...#####...........####..
....##........................'..
(.#.##.#...#####...........##.#..
..#.##>....+.....#######...##.###
###....#...#####.## #...##.#
#######.#### #@.# #...##.# #
#.....# ##.###########.###
#...#.# #o#.............'
##...#.# #.o.#########.###
#...##.# ##........# #...#
######...##.# #..#####.# #...#
#........##.######o#####.# #...+
#.###....##.##.o..[......# #.#.#
##.###.......##.####.###### #.#.#


You could see an orc priest and 2 orcs.

Vanquished Creatures
  Terence (D:1)
  Jessica (D:2)
  A gnoll (D:1)
  4 worms (D:2)
  4 dart slugs
  4 leopard geckos
  2 orcs (D:3)
  2 giant cockroaches
  6 goblins
  7 hobgoblins
  7 jackals
  8 kobolds
  2 quokkas
  2 ball pythons (D:3)
  13 bats
  7 frilled lizards
  5 rats
76 creatures vanquished.

Notes
Turn   | Place    | Note
-------+----------+-------------------------------------------
     0 | D:1      | Mitsuki the Gargoyle Earth Elementalist began the quest for the Orb.
     0 | D:1      | Reached XP level 1. HP: 10/10 MP: 3/3
   445 | D:1      | Reached XP level 2. HP: 12/15 MP: 5/5
   480 | D:1      | Reached skill level 4 in Earth Magic
   943 | D:1      | Reached XP level 3. HP: 9/19 MP: 4/7
   951 | D:1      | Learned a level 3 spell: Stone Arrow
  1682 | D:1      | Reached skill level 1 in Conjurations
  2040 | D:2      | Noticed Terence
  2060 | D:1      | Killed Terence
  2060 | D:1      | Reached XP level 4. HP: 16/24 MP: 0/8
  2405 | D:2      | Found a hazy altar of Hepliaklqana.
  2408 | D:2      | Found a snail-covered altar of Cheibriados.
  2456 | D:2      | Found a shimmering altar of Xom.
  3147 | D:2      | Reached XP level 5. HP: 24/28 MP: 10/10
  3399 | D:2      | Noticed Jessica
  3412 | D:2      | Killed Jessica
  3412 | D:2      | Reached skill level 5 in Earth Magic
  4631 | D:3      | Killed from afar by an orc priest

Skill      XL: |  1  2  3  4  5 |
---------------+----------------+-----
Earth Magic    | 4 5 |  5.0
Conjurations   | 1 2 |  2.3
Spellcasting   | 3 |  3.6
Dodging        | |  1.5
Stealth        | |  2.1
Transmutations | |  0.7

Action                   |  1- 3 |  4- 6 || total
-------------------------+-------+-------++-------
Melee: Unarmed           |    85 |       ||    85
       Spear             |   100 |   138 ||   238
       Mace              |       |    40 ||    40
 Cast: Sandblast         |     5 |    13 ||    18
       Stone Arrow       |     2 |     1 ||     3
 Stab: Sleeping          |     2 |     4 ||     6
  Eat: Chunk             |     4 |     9 ||    13
Armor: Robe              |   109 |    51 ||   160
Dodge: Dodged            |   153 |   101 ||   254
